 Dungeon Crawl Stone Soup version 0.20-a0-351-gc9b4002 (webtiles) character file.

3913 Faca the Blocker (level 10, -13/120 HPs)
             Began as a Formicid Fighter on Dec 25, 2016.
             Was a Priest of Okawaru.
             Mangled by a two-headed ogre
             ... wielding a +0 giant spiked club
              (18 damage)
             ... on level 8 of the Dungeon.
             The game lasted 00:17:32 (6094 turns).

Faca the Blocker (Formicid Fighter)                 Turns: 6094, Time: 00:17:32

Health: -13/120    AC: 25    Str: 26    XL:     10   Next: 43%
Magic:  10/10      EV:  2    Int:  7    God:    Okawaru [***...]
Gold:   448        SH: 13    Dex: 13    Spells: 9/9 levels left

rFire  . . .     SeeInvis .     a - +0 war axe
rCold  + . .     Gourm    +     (armour currently unavailable)
rNeg   + + +     Faith    .     c - +1 shield
rPois  +         Spirit   .     (helmet unavailable)
rElec  .         Reflect  .     (cloak currently unavailable)
rCorr  .         Harm     .     (gloves currently unavailable)
MR     +....                    (boots currently unavailable)
Stlth  +.........               b - amulet of the gourmand
                                C - ring of protection from cold
                                d - +4 ring of strength

@: tree-form
A: permanent stasis, dig shafts and tunnels, four strong arms, (antennae 0)
a: Heroism, Renounce Religion


You were on level 8 of the Dungeon.
You worshipped Okawaru.
Okawaru was most pleased with you.
You were not hungry.
You were a tree.
You visited 2 branches of the dungeon, and saw 9 of its levels.

You collected 448 gold pieces.

Inventory:

Hand Weapons
 a - a +0 war axe (weapon)
 x - a +1 whip of electrocution
Armour
 c - a +1 shield (worn)
 k - a +0 pair of gloves (melded)
 q - a +0 pair of boots (melded)
 v - a +0 plate armour (melded)
Jewellery
 b - an amulet of the gourmand (around neck)
 d - a +4 ring of strength (left branch)
 C - a ring of protection from cold (right branch)
Wands
 g - a wand of enslavement (14/24)
 m - a wand of confusion (40/48)
 y - a wand of random effects (30/48)
Scrolls
 t - a scroll of recharging
 z - a scroll of remove curse
 B - 3 scrolls of enchant armour
Potions
 e - 3 potions of lignification
 h - a potion of invisibility
 i - 2 potions of ambrosia
 j - a potion of degeneration {unknown}
 o - 8 potions of curing
 p - 4 potions of flight {unknown}
 s - a potion of mutation {unknown}
 u - a potion of brilliance {unknown}
Comestibles
 f - 4 bread rations
 l - 3 meat rations
 n - 2 beef jerkies
 r - 9 fruits
 w - a royal jelly
 A - a slice of pizza


   Skills:
 + Level 7.8 Fighting
 + Level 6.6 Axes
 + Level 7.7 Armour
 + Level 5.8 Dodging
 + Level 8.7 Shields


You had 9 spell levels left.
You didn't know any spells.

Dungeon Overview and Level Annotations

Branches:
Dungeon (8/15)             Temple (1/1) D:7
   Lair: D:8-11

Altars:
Ashenzari
Cheibriados
Gozag
Hepliaklqana
Makhleb
Nemelex Xobeh
Okawaru
Qazlal
Trog
Uskayaw
Vehumet
Xom
Yredelemnul
Zin
The Shining One

Shops:
D:5 [

Annotations:
D:8 Gastronok


Innate Abilities, Weirdness & Mutations

You cannot be hasted, slowed, berserked, paralysed or teleported.
You can dig through walls and to a lower floor.
Your four strong arms can wield two-handed weapons with a shield.
((You have a pair of large antennae on your head. (SInv)))


Message History

The two-headed ogre hits you but does no damage.
You block the two-headed ogre's attack.
You hit the two-headed ogre but do no damage.
The two-headed ogre is moderately wounded.
The two-headed ogre hits you with a giant spiked club.
* * * LOW HITPOINT WARNING * * *
You block the two-headed ogre's attack.
You slice the two-headed ogre!!
The two-headed ogre is severely wounded.
You block the two-headed ogre's attack. x2
You slash the two-headed ogre!
The two-headed ogre is severely wounded.
You block the two-headed ogre's attack.
The two-headed ogre hits you but does no damage.
You slash the two-headed ogre!
The two-headed ogre is almost dead.
The two-headed ogre hits you with a giant spiked club!
* * * LOW HITPOINT WARNING * * *
The two-headed ogre hits you with a giant club!!
You die...

......).#
######.#
#......#.####
#.###.........
#.# #.##.####.
#.# #.# .# #.#
#.# . #O# #.#
#. #♣# #.# .#
#.# #.# . #.#
#.. #.# #.#
#<# ###


You could see a two-headed ogre.

Vanquished Creatures
  A two-headed ogre (D:8)
  The ghost of brknglss the Carver, a novice HOFi of Okawaru (D:7)
  The ghost of Faca the Shield-Bearer, a novice FoFi of Trog (D:4)
  A hornet (D:7)
  Grinder (D:5)
  Sigmund (D:5)
  Menkaure (D:7)
  2 sky beasts
  An ice beast (D:7)
  An ogre (D:7)
  A necrophage (D:8)
  A phantom (D:4)
  A centaur (D:5)
  A bullfrog (D:6)
  5 scorpions
  3 crimson imps
  5 hounds
  2 jellies
  3 orc priests
  2 bullfrog skeletons
  3 orc wizards
  4 worker ants
  9 adders
  An adder skeleton (D:4)
  3 worms
  2 dart slugs
  5 leopard geckos
  20 orcs
  5 bats
  8 giant cockroaches
  12 hobgoblins
  11 jackals
  A quokka (D:2)
  3 frilled lizards
  12 goblins
  9 kobolds
  A leopard gecko skeleton (D:6)
  A quokka skeleton (D:5)
  A quokka zombie (D:7)
  10 rats
156 creatures vanquished.

Notes
Turn   | Place    | Note
-------+----------+-------------------------------------------
     0 | D:1      | Faca the Formicid Fighter began the quest for the Orb.
     0 | D:1      | Reached XP level 1. HP: 18/18 MP: 1/1
   108 | D:1      | Reached XP level 2. HP: 24/24 MP: 2/2
   409 | D:1      | Reached skill level 4 in Shields
   409 | D:1      | Reached XP level 3. HP: 26/29 MP: 3/3
   946 | D:2      | Reached XP level 4. HP: 35/35 MP: 4/4
  1001 | D:2      | Reached skill level 1 in Dodging
  1470 | D:3      | Found a bloodstained altar of Trog.
  1480 | D:3      | Reached XP level 5. HP: 39/42 MP: 5/5
  1792 | D:3      | Found a burning altar of Makhleb.
  1978 | D:4      | Reached XP level 6. HP: 48/48 MP: 6/6
  1989 | D:4      | Got an ominously black robe
  2005 | D:4      | Identified the +0 robe of Lethargy {rF- MR+ MP+9} (You found it on level 4 of the Dungeon)
  2285 | D:4      | Reached skill level 5 in Shields
  2364 | D:4      | Noticed Faca's ghost (novice FoFi)
  2377 | D:4      | Killed Faca's ghost
  2377 | D:4      | Reached skill level 5 in Fighting
  2377 | D:4      | Reached skill level 5 in Armour
  2377 | D:4      | Reached XP level 7. HP: 42/56 MP: 7/7
  2485 | D:4      | Reached XP level 8. HP: 48/62 MP: 8/8
  2768 | D:5      | Entered Level 5 of the Dungeon
  2808 | D:5      | Found Suturr's Armour Boutique.
  2830 | D:5      | Noticed Sigmund
  2844 | D:5      | Killed Sigmund
  2844 | D:5      | Reached skill level 6 in Shields
  3572 | D:5      | Noticed Grinder
  3597 | D:5      | Killed Grinder
  3597 | D:5      | Reached XP level 9. HP: 46/69 MP: 9/9
  3795 | D:5      | Reached skill level 5 in Axes
  4187 | D:6      | Reached skill level 7 in Shields
  4556 | D:7      | Found a staircase to the Ecumenical Temple.
  4590 | Temple   | Entered the Ecumenical Temple
  4609 | Temple   | Became a worshipper of Warmaster Okawaru
  4702 | D:7      | Noticed brknglss's ghost (novice HOFi)
  5140 | D:7      | Found an opulent altar of Gozag.
  5232 | D:7      | Killed brknglss's ghost
  5232 | D:7      | Reached * piety under Okawaru
  5232 | D:7      | Reached ** piety under Okawaru
  5232 | D:7      | Reached skill level 5 in Dodging
  5232 | D:7      | Reached skill level 8 in Shields
  5232 | D:7      | Reached XP level 10. HP: 46/79 MP: 10/10
  5434 | D:7      | Found a basalt altar of Yredelemnul.
  5481 | D:7      | Noticed Menkaure
  5489 | D:7      | Killed Menkaure
  5738 | D:8      | Noticed Gastronok
  5739 | D:8      | Noticed a two-headed ogre
  6055 | D:8      | Noticed a two-headed ogre
  6070 | D:8      | Killed a two-headed ogre
  6070 | D:8      | Reached *** piety under Okawaru
  6094 | D:8      | HP: 5/120 [two-headed ogre/giant spiked club (14)]
  6094 | D:8      | Mangled by a two-headed ogre

Vault maps used:
D:1:      minmay_arrival_widening_spiral_wide
D:2:      first_bread, minmay_pentomino_q2
D:3:      nicolae_overflow_crystal_walls, makhleb_blood_cavern_becter
D:5:      serial_shops, shop_fountains, uniq_grinder, uniq_sigmund
D:6:      serial_park_tiny_1
D:7:      grunt_gozag_breadcrumbs, lemuel_coloured_pillars_altar, uniq_menkaure
D:8:      uniq_gastronok
Temple:   compressed_dpeg_circular_temple

Skill      XL: |  1  2  3  4  5  6  7  8  9 |
---------------+----------------------------+-----
Shields        | 4 5 6 8 |  8.7
Dodging        | 1 2 3 4 5 |  5.8
Fighting       | 4 5 6 7 |  7.8
Armour         | 4 5 6 7 |  7.7
Axes           | 3 4 6 |  6.6

Action                   |  1- 3 |  4- 6 |  7- 9 | 10-12 || total
-------------------------+-------+-------+-------+-------++-------
Melee: War axe           |   106 |   177 |   306 |    57 ||   646
 Abil: Dig               |     1 |     1 |       |       ||     2
Evoke: Wand              |       |       |       |     1 ||     1
  Use: Scroll            |     5 |     3 |     9 |     1 ||    18
       Potion            |       |     1 |     3 |     1 ||     5
  Eat: Bread ration      |       |     1 |       |       ||     1
       Chunk             |       |     5 |    14 |       ||    19
Armor: Scale mail        |    41 |    53 |       |       ||    94
       Plate armour      |       |    24 |   116 |    17 ||   157
       Skin              |       |       |    12 |     7 ||    19
Dodge: Dodged            |    29 |    40 |    81 |    13 ||   163
Block: Shield            |    59 |   106 |   181 |    38 ||   384
